AoeStats
← _Orca_

Pilgrims

508972770Analyzed
4v4 RM · 6d ago on Sep 24, 2026· 24m 32s· 8 players
Game mode
Random Map
Map size
Large (8 player)
Population
200
Speed
Normal
Resources
Standard
Victory
Conquest
Starting age
Dark Age
Ending age
Imperial Age
RankedLock teamsTeams togetherTeam positionsShared explorationLock speedFull tech treeHidden civsTurbo modeCheats
Victory
Defeat
🇹🇷 Danes · Türkiye
1470
+16
🇩🇪 Huns · Germany
1465
+16
🇧🇷 Koreans · Brazil
1452
+17
🇧🇩 Saracens · Bangladesh
1426
+18
🇪🇸 Goths · Spain
1495
-17
🇪🇸 Vietnamese · Spain
1482
-17
🇪🇸 Danes · Spain
1469
-17
🇪🇸 Malians · Spain
1439
-16
Facetrollwakfu
10:56 Feudal Age
10:26 Loom
15:10 Castle Age
17:58 Scale Barding Armor
19:38 Horse Collar
20:55 Forging
Kr4mer
3:38 Loom
7:18 Loom
10:51 Feudal Age
11:48 Town Watch
15:42 Castle Age
13:56 Double-Bit Axe
23:00 Horse Collar
El Procurador
9:12 Loom
11:16 Feudal Age
15:11 Castle Age
13:24 Fishing Lines
13:39 Double-Bit Axe
14:06 Fletching
16:11 Wheelbarrow
16:07 Bodkin Arrow
16:31 Bow Saw
18:32 Ballistics
_Orca_
9:05 Loom
11:24 Feudal Age
12:15 Fishing Lines
12:44 Double-Bit Axe
13:42 Fletching
21:32 Castle Age
21:02 Stone Mining
21:04 Gold Mining
20:56 Horse Collar
22:31 Town Watch
23:22 Wheelbarrow
22:59 Bow Saw
23:03 Medium Warships
22:45 Gillnets
[Kachop] Baryuan
10:25 Loom
12:50 Feudal Age
16:38 Castle Age
14:48 Gold Mining
14:45 Double-Bit Axe
15:39 Wheelbarrow
15:11 Horse Collar
15:22 Stone Mining
Caesar_Augusto
8:48 Loom
10:34 Feudal Age
14:33 Castle Age
13:51 Double-Bit Axe
14:11 Town Watch
16:26 Fletching
16:51 Horse Collar
elgrantato
7:45 Loom
9:53 Feudal Age
12:08 Double-Bit Axe
14:38 Castle Age
13:07 Fletching
13:47 Fishing Lines
15:34 Bodkin Arrow
16:01 Town Watch
20:07 Careening
20:48 Clinker Construction
21:26 Horse Collar
23:43 Padded Archer Armor
[Kachop]Indi_monsterr
10:05 Feudal Age
8:46 Loom
14:47 Castle Age
21:36 Forging
Connection lost

Rejoining the realm…

Still unreachable

The connection could not be restored.

Session expired

The server has moved on; the page needs a fresh start.